 Dungeon Crawl Stone Soup version 0.19.0-22-gd96e5fe (webtiles) character file.

127464 RKaid the Severer (level 16, -12/250 HPs)
             Began as a Minotaur Berserker on Nov 19, 2016.
             Was the Champion of Trog.
             Mangled by an emperor scorpion (23 damage)
             ... on level 4 of the Spider Nest.
             The game lasted 00:37:34 (20416 turns).

RKaid the Severer (Minotaur Berserker)             Turns: 20416, Time: 00:37:34

Health: -12/250    AC: 29    Str: 34      XL:     16   Next: 46%
Magic:  0/15       EV: 11    Int:  4 (6)  God:    Trog [******]
Gold:   1707       SH:  0    Dex: 10      Spells: 0 memorised, 15 levels left

rFire  + + .     SeeInvis .     T - +8 battleaxe "Raathria" {chop, rPois rF+}
rCold  + . .     Gourm    .     v - +8 scale mail of Tenacity {rPois rF+ rC+}
rNeg   . . .     Faith    .     (shield currently unavailable)
rPois  +         Spirit   .     b - +1 hat
rElec  .         Reflect  .     U - +1 cloak
rCorr  +         Harm     .     O - +0 pair of gloves
MR     +++..                    q - +2 pair of boots
Stlth  ..........               y - amulet of regeneration {+regen, !d}
                                S - +2 ring of intelligence
                                Y - ring of resist corrosion

@: berserking, lethally poisoned (-12 -> -12), regenerating, studying Armour,
very quick
A: retaliatory headbutt, horns 2, robust 1
a: Berserk, Trog's Hand, Brothers in Arms, Burn Spellbooks, Renounce Religion


You were on level 4 of the Spider Nest.
You worshipped Trog.
Trog was exalted by your worship.
You were near starving.

You visited 4 branches of the dungeon, and saw 21 of its levels.

You collected 1707 gold pieces.

Inventory:

Hand Weapons
 a - a +5 war axe
   (You found it on level 7 of the Dungeon)
 T - the +8 battleaxe "Raathria" (weapon) {chop, rPois rF+}
   (Trog gifted it to you on level 6 of the Lair of Beasts)

   It inflicts extra damage upon your enemies.
   It protects you from fire.
   It protects you from poison.
Armour
 b - a +1 hat (worn)
   (You acquired it on level 9 of the Dungeon)
 l - a +1 plate armour
   (You took it off a gnoll on level 6 of the Dungeon)
 q - a +2 pair of boots (worn)
   (You found it on level 9 of the Dungeon)
 v - the +8 scale mail of Tenacity (worn) {rPois rF+ rC+}
   (You found it on level 3 of the Spider Nest)

   It protects you from fire.
   It protects you from cold.
   It protects you from poison.
 M - the +3 hat of Pondering {ponderous, MR+ MP+10 Int+5}
   (You took it off Gastronok on level 1 of the Lair of Beasts)

   It affects your intelligence (+5).
   It affects your resistance to hostile enchantments.
   It affects your magic capacity (+10).
 O - a +0 pair of gloves (worn)
   (You found it on level 2 of the Lair of Beasts)
 U - a +1 cloak (worn)
   (You found it on level 1 of the Spider Nest)
Jewellery
 y - an amulet of regeneration (around neck) {+regen, !d}
   (You found it on level 1 of the Swamp)
 N - an uncursed amulet of guardian spirit {Spirit}
   (You found it on level 4 of the Lair of Beasts)
 P - an uncursed ring of protection from fire {rF+, !d}
   (You found it on level 5 of the Lair of Beasts)
 S - a +2 ring of intelligence (right hand)
   (You found it on level 5 of the Lair of Beasts)
 Y - a ring of resist corrosion (left hand)
   (You found it on level 4 of the Spider Nest)
Wands
 x - a wand of digging (17/24)
   (You found it on level 10 of the Dungeon)
 B - a wand of lightning (6/15)
   (You found it on level 4 of the Dungeon)
 C - a wand of acid (5/15)
   (You found it on level 1 of the Lair of Beasts)
 G - a wand of slowing (20/48)
   (You found it on level 7 of the Dungeon)
 H - a wand of iceblast (9/15)
   (You found it on level 7 of the Dungeon)
 I - a wand of iceblast (7/15)
   (You found it on level 7 of the Dungeon)
 J - a wand of lightning (7/15)
   (You found it on level 7 of the Dungeon)
 L - a wand of acid (15/15)
   (You found it on level 8 of the Dungeon)
 V - a wand of paralysis (5/24)
   (You found it on level 1 of the Spider Nest)
Scrolls
 d - 13 scrolls of remove curse
 m - a scroll of magic mapping {!r}
 n - 2 scrolls of teleportation
 r - 2 scrolls of recharging
 u - 5 scrolls of immolation {!r}
 E - a scroll of blinking {!r}
 F - a scroll of enchant weapon
 X - a scroll of fog
Potions
 c - a potion of experience
 e - 7 potions of curing
 g - a potion of invisibility {unknown}
 i - 6 potions of agility
 j - 8 potions of lignification {!q}
 k - 5 potions of brilliance
 o - a potion of cancellation {unknown}
 p - a potion of heal wounds
 s - a potion of magic {unknown}
 t - a potion of mutation {!q}
 w - 3 potions of might
 A - 2 potions of berserk rage {!q}
 D - 2 potions of flight
 R - 2 potions of haste
Books
 z - a manual of Armour {!d}
   (You found it on level 6 of the Lair of Beasts)
Miscellaneous
 f - a disc of storms
   (You found it on level 10 of the Dungeon)
 Q - a lamp of fire
   (You found it on level 3 of the Lair of Beasts)
Comestibles
 h - 8 meat rations
 W - 3 bread rations


   Skills:
 + Level 16.5 Fighting
 - Level 20.8 Axes
 - Level 19.6 Armour
 - Level 2.1 Dodging


You had 15 spell levels left.
You didn't know any spells.

Dungeon Overview and Level Annotations

Branches:
Dungeon (10/15)            Temple (0/1) D:5            Lair (6/6) D:10
  Swamp (1/4) Lair:3       Spider (4/4) Lair:2        Slime (0/5) Lair:6
    Orc: D:9-12

Altars:
Elyvilon
Gozag
Makhleb
Sif Muna
Uskayaw
Jiyva

Shops:
D:8 (

Portals:
Hell: Lair:6

Annotations:
Lair:4 exclusion: oklob plant


Innate Abilities, Weirdness & Mutations

You reflexively headbutt those who attack you in melee.
You have a pair of horns on your head.
You are robust. (+10% HP)


Message History

The redback bites you.
* * * LOW HITPOINT WARNING * * *
You are poisoned.
The redback poisons you!
You barely miss the emperor scorpion.
Your headbutt misses the emperor scorpion.
You slash the wolf spider! You slash something! You slash the redback!
You barely miss the moth of wrath.
You feel sick. The emperor scorpion stings you.
* * * LOW HITPOINT WARNING * * *
The emperor scorpion claws you but does no damage. x2
The moth of wrath barely misses you.
You slash the redback!
You kill the redback!
Trog accepts your kill.
You slice the moth of wrath!! You closely miss the emperor scorpion.
You slice the wolf spider!! You barely miss something.
You feel sick. The wolf spider hits you!
* * * LOW HITPOINT WARNING * * *
The wolf spider bites you.
* * * LOW HITPOINT WARNING * * *
You feel you are being watched by something. x2
Something hits you but does no damage. x2
Something stings you but does no damage.
You closely miss the emperor scorpion.
Your headbutt misses the emperor scorpion.
You slice the wolf spider!!
You kill the wolf spider!
Trog accepts your kill.
You slash something! You slash the emperor scorpion!
You slice the moth of wrath!!
You feel the power of Trog in you as your rage grows.
You kill the moth of wrath!
Trog accepts your kill.
You feel sick. The emperor scorpion misses you. You furiously retaliate!
You headbutt the emperor scorpion. The emperor scorpion barely misses you.
The emperor scorpion claws you.
* * * LOW HITPOINT WARNING * * *
The emperor scorpion stings you but does no damage.
The emperor scorpion closely misses you.
The emperor scorpion claws you but does no damage.
You chop the emperor scorpion into pieces!!!
Your headbutt misses the emperor scorpion.
You miss something. You hit something. You hit the emperor scorpion.
You feel sick.
You hear an angry hiss. x2
You feel you are being watched by something. x2
Something hits you but does no damage. x2
Something stings you but does no damage.
A redback comes into view.
You slice the emperor scorpion!!
Your headbutt misses the emperor scorpion.
You completely miss something. You hit something.
You hit the emperor scorpion but do no damage.
You closely miss something.
You feel sick. The emperor scorpion barely misses you.
The emperor scorpion claws you.
* * * LOW HITPOINT WARNING * * *
The emperor scorpion claws you but does no damage.
You feel you are being watched by something.
Something hits you but does no damage. x2
Something stings you but does no damage.
The emperor scorpion closely misses you.
The emperor scorpion completely misses you.
The emperor scorpion claws you but does no damage.
Something hits you but does no damage. x2
Something stings you but does no damage.
Something hits you but does no damage. Something hits you!
* * * LOW HITPOINT WARNING * * *
Something stings you but does no damage.
You are too berserk!
You slice the emperor scorpion!!
Your headbutt misses the emperor scorpion.
You barely miss something. You slash something!
You slice the emperor scorpion!! You slash something!
You feel sick.
The emperor scorpion stings you but does no damage.
The emperor scorpion claws you but does no damage. x2
You barely miss the emperor scorpion.
Your headbutt misses the emperor scorpion.
You chop something into pieces!!! Trog accepts your kill.
Reactivating autopickup.
You feel your strength returning.
You feel a bit more experienced.
You slash something!
You feel the power of Trog in you as your rage grows.
Trog accepts your kill.
You feel a bit more experienced.
You slash the emperor scorpion! You hit something but do no damage.
You feel sick.
You hear an angry hiss.
You feel you are being watched by something.
Something hits you but does no damage.
Deactivating autopickup; reactivate with Ctrl-A.
Something hits you but does no damage.
Something stings you but does no damage.
The emperor scorpion stings you but does no damage.
The emperor scorpion claws you but does no damage. x2
You slash the emperor scorpion!
Your headbutt misses the emperor scorpion.
Your scale mail of Tenacity prevents you from hitting the emperor scorpion.
You slice something!!
You feel sick. The emperor scorpion stings you!!
You die...

#######≈≈≈≈...†#
#####!.s..^####≈≈.†≈.
###≈^..≈≈≈!.s ##≈..^.
. .....≈≈φ.≈≈≈ #...≈≈
^.###...≈≈≈≈≈ #)...#
...s.ss≈.s. ####...##
#...†.s## ####≈.†...##
#^..†s†####......≈####
####s@≈......#########
###≈^.≈≈### #####..
####### ##...#..
##....... .........
......... ..^......
..#^...#. .........


You could see 4 emperor scorpions, 3 orb spiders and a redback.

Vanquished Creatures
  Mara (Spider:3)
  Gastronok (Lair:1)
  4 ghost moths
  An emperor scorpion (Spider:4)
  2 entropy weavers
  A spark wasp (Spider:2)
  A dire elephant (Lair:6)
  Erolcha (D:9)
  4 hydras (Lair:6)
  Harold (Lair:3)
  2 alligators (Swamp:1)
  A death yak (Lair:6)
  A sun demon (Lair:6)
  A sixfirhy (Lair:6)
  A wizard (Lair:6)
  29 wolf spiders
  9 orb spiders
  A moth of wrath (Spider:4)
  A smoke demon (Lair:6)
  Maurice (D:9)
  A gargoyle (D:9)
  A torpor snail (Spider:2)
  13 spiny frogs
  A black mamba (Lair:1)
  3 orange demons (Lair:6)
  4 komodo dragons
  3 rime drakes
  4 ice devils (Lair:6)
  A red devil (Lair:6)
  34 jumping spiders
  11 demonic crawlers
  Grinder (D:4)
  A two-headed ogre (D:9)
  A polar bear (Lair:6)
  6 blink frogs
  A hornet (Swamp:1)
  11 dream sheep
  10 hippogriffs
  A slime creature (D:9)
  A spriggan (Swamp:1)
  66 redbacks
  A vampire (D:10)
  32 tarantellas
  7 wyverns
  45 yaks
  A basilisk (Lair:6)
  A hell hound (Lair:6)
  11 water moccasins
  5 porcupines
  An orc warrior (D:10)
  A phantom (D:4)
  3 sky beasts
  2 black bears
  2 ice beasts
  A necrophage (D:7)
  9 wolves
  6 ogres
  3 centaurs (D:7)
  16 crocodiles
  9 bullfrogs
  A gnoll sergeant (D:6)
  4 scorpions
  9 killer bees (D:8)
  An electric eel (Spider:4)
  2 howler monkeys (D:9)
  A bullfrog zombie (D:10)
  3 centaur zombies
  10 jellies
  5 crimson imps
  2 gnoll shamans (D:6)
  4 orc priests
  4 hounds
  A bullfrog skeleton (D:7)
  4 centaur skeletons
  4 orc wizards
  8 worker ants
  The ghost of Zaque the Grasshopper, a weakling SpWr (D:5)
  A howler monkey zombie (D:8)
  A howler monkey skeleton (D:4)
  7 adders
  35 gnolls
  2 shadow imps
  10 oozes (D:9)
  2 adder skeletons (D:4)
  2 adder zombies (D:8)
  4 worms
  5 dart slugs
  3 leopard geckos
  22 orcs
  3 bats
  6 giant cockroaches
  13 goblins
  15 hobgoblins
  30 jackals
  11 kobolds
  3 quokkas
  3 frilled lizards
  6 rats
  4 fungi
647 creatures vanquished.

Vanquished Creatures (collateral kills)
  An orb spider (Spider:1)
  A jumping spider (Spider:1)
2 creatures vanquished.

Vanquished Creatures (others)
  A wolf spider (Spider:1)
  3 bushes
  5 fungi
  A plant (Lair:6)
10 creatures vanquished.

Grand Total: 659 creatures vanquished

Notes
Turn   | Place    | Note
-------+----------+-------------------------------------------
     0 | D:1      | RKaid the Minotaur Berserker began the quest for the Orb.
     0 | D:1      | Reached XP level 1. HP: 19/19 MP: 0/0
    75 | D:1      | Reached skill level 4 in Axes
   166 | D:1      | Reached XP level 2. HP: 23/26 MP: 1/1
   287 | D:1      | Reached skill level 5 in Axes
   319 | D:1      | Reached XP level 3. HP: 22/31 MP: 2/2
   557 | D:2      | Reached ** piety under Trog
   860 | D:2      | Reached skill level 6 in Axes
   860 | D:2      | Reached XP level 4. HP: 39/39 MP: 3/3
  1386 | D:3      | Reached *** piety under Trog
  1668 | D:3      | Found a deep blue altar of Sif Muna.
  2111 | D:4      | Reached XP level 5. HP: 41/45 MP: 4/4
  2141 | D:4      | Reached skill level 7 in Axes
  2200 | D:4      | Noticed Grinder
  2201 | D:4      | Paralysed by Grinder for 7 turns
  2214 | D:4      | Killed Grinder
  2214 | D:4      | Reached skill level 8 in Axes
  2214 | D:4      | Reached XP level 6. HP: 39/51 MP: 5/5
  2303 | D:4      | HP: 12/51 [ogre/giant club (31)]
  2309 | D:4      | Reached skill level 9 in Axes
  2592 | D:4      | HP: 3/51 [ogre/giant club (23)]
  2593 | D:4      | Reached XP level 7. HP: 4/57 MP: 6/6
  3295 | D:4      | Reached skill level 10 in Axes
  3543 | D:5      | Entered Level 5 of the Dungeon
  3609 | D:5      | HP: 13/57 [ice beast (6)]
  3936 | D:5      | Reached skill level 11 in Axes
  3963 | D:4      | HP: 12/57 [sky beast (6)]
  3971 | D:4      | HP: 13/57 [phantom (1)]
  3980 | D:4      | Reached XP level 8. HP: 16/64 MP: 7/7
  4513 | D:5      | Reached skill level 3 in Armour
  4530 | D:5      | Noticed Zaque's ghost (weakling SpWr)
  4537 | D:5      | Killed Zaque's ghost
  4541 | D:5      | Found a staircase to the Ecumenical Temple.
  5004 | D:6      | Reached skill level 4 in Armour
  5018 | D:6      | Reached skill level 12 in Axes
  5090 | D:6      | Reached **** piety under Trog
  5297 | D:6      | Reached skill level 5 in Armour
  5637 | D:6      | Reached skill level 6 in Armour
  6384 | D:6      | Reached XP level 9. HP: 47/70 MP: 8/8
  6762 | D:6      | Reached skill level 7 in Armour
  7157 | D:7      | Reached skill level 13 in Axes
  7236 | D:7      | Reached ***** piety under Trog
  7326 | D:7      | Reached skill level 8 in Armour
  7644 | D:8      | Found Caages's Weapon Shoppe.
  7785 | D:8      | Reached skill level 9 in Armour
  7912 | D:8      | Reached skill level 14 in Axes
  8172 | D:9      | Noticed Erolcha
  8176 | D:9      | Killed Erolcha
  8176 | D:9      | Reached skill level 10 in Armour
  8176 | D:9      | Reached XP level 10. HP: 77/77 MP: 9/9
  8216 | D:9      | Gained mutation: You are robust. (+10% HP) [potion of beneficial mutation]
  8218 | D:9      | Identified a scroll of acquirement
  8259 | D:9      | Noticed Maurice
  8287 | D:9      | Killed Maurice
  8731 | D:9      | Found an opulent altar of Gozag.
  8747 | D:9      | Noticed a gargoyle
  8756 | D:9      | Killed a gargoyle
  8756 | D:9      | Reached skill level 15 in Axes
  8756 | D:9      | Reached skill level 11 in Armour
  8858 | D:9      | Found a white marble altar of Elyvilon.
  8858 | D:9      | Found a hide-covered altar of Uskayaw.
  9076 | D:9      | Received a gift from Trog
  9085 | D:9      | Got a translucent battleaxe {god gift}
  9128 | D:9      | Identified the +5 battleaxe of the Little People {protect, Fragile rElec SInv Stlth+} (Trog gifted it to you on level 9 of the Dungeon)
  9167 | D:10     | Entered Level 10 of the Dungeon
  9468 | D:10     | Found a staircase to the Lair.
  9539 | D:10     | Reached skill level 12 in Armour
  9543 | D:10     | Reached XP level 11. HP: 73/90 MP: 10/10
  9794 | Lair:1   | Entered Level 1 of the Lair of Beasts
 10061 | Lair:1   | Reached skill level 16 in Axes
 10086 | Lair:1   | Noticed Gastronok
 10648 | Lair:1   | Reached skill level 13 in Armour
 11166 | Lair:1   | Killed Gastronok
 11329 | Lair:2   | Found a hole to the Spider Nest.
 11351 | Lair:2   | Reached skill level 17 in Axes
 11975 | Lair:3   | Reached skill level 14 in Armour
 12498 | Lair:3   | Found a staircase to the Swamp.
 12724 | Lair:3   | Noticed Harold
 12731 | Lair:3   | Killed Harold
 12731 | Lair:3   | Reached XP level 12. HP: 99/99 MP: 11/11
 13104 | Swamp:1  | Entered Level 1 of the Swamp
 13110 | Swamp:1  | Noticed an alligator
 13124 | Swamp:1  | Killed an alligator
 13468 | Swamp:1  | Noticed an alligator
 13474 | Swamp:1  | Killed an alligator
 13574 | Swamp:1  | Noticed a seven-headed hydra
 13580 | Swamp:1  | Noticed a six-headed hydra
 14173 | Lair:4   | Reached skill level 15 in Armour
 14188 | Lair:4   | Reached skill level 18 in Axes
 14951 | Lair:5   | Reached ****** piety under Trog
 15002 | Lair:6   | Entered Level 6 of the Lair of Beasts
 15022 | Lair:6   | Noticed a five-headed hydra
 15032 | Lair:6   | Reached skill level 16 in Armour
 15037 | Lair:6   | Killed a 13-headed hydra
 15096 | Lair:6   | Received a gift from Trog
 15099 | Lair:6   | Got a warped battleaxe {god gift}
 15101 | Lair:6   | Identified the +8 battleaxe "Raathria" {chop, rPois rF+} (Trog gifted it to you on level 6 of the Lair of Beasts)
 15146 | Lair:6   | Reached XP level 13. HP: 84/104 MP: 12/12
 15184 | Lair:6   | Found a viscous altar of Jiyva.
 15185 | Lair:6   | Found a staircase to the Slime Pits.
 15199 | Lair:6   | Reached skill level 19 in Axes
 15840 | Lair:6   | Reached skill level 17 in Armour
 15910 | Lair:6   | Noticed a dire elephant
 15921 | Lair:6   | Killed a dire elephant
 16137 | Lair:6   | Found a burning altar of Makhleb.
 16300 | Lair:6   | Reached skill level 20 in Axes
 16347 | Lair:6   | Found a gateway to Hell.
 16961 | Spider:1 | Entered Level 1 of the Spider Nest
 16984 | Spider:1 | Reached skill level 18 in Armour
 17333 | Spider:1 | Reached XP level 14. HP: 111/112 MP: 13/13
 17402 | Spider:1 | HP: 2/112 [disintegration (36)]
 17421 | Spider:1 | HP: 22/112 [redback (9)]
 17427 | Spider:1 | HP: 26/112 [redback (2)]
 17610 | Spider:1 | Reached skill level 19 in Armour
 17775 | Spider:1 | Received a gift from Trog
 17791 | Spider:1 | HP: 28/112 [jumping spider (10)]
 17795 | Spider:1 | HP: 3/112 [disintegration (28)]
 17949 | Spider:1 | Reached skill level 8 in Fighting
 17949 | Spider:1 | Reached XP level 15. HP: 133/133 MP: 14/14
 17991 | Spider:2 | Killed a ghost moth
 17991 | Spider:2 | Reached skill level 9 in Fighting
 18054 | Spider:2 | Reached skill level 10 in Fighting
 18244 | Spider:2 | Reached skill level 11 in Fighting
 18248 | Spider:2 | Killed a ghost moth
 18686 | Spider:2 | Reached skill level 12 in Fighting
 19096 | Spider:3 | Reached skill level 13 in Fighting
 19105 | Spider:3 | HP: 10/148 [disintegration (42)]
 19526 | Spider:3 | Noticed Mara
 19549 | Spider:3 | Killed Mara
 19549 | Spider:3 | Reached skill level 14 in Fighting
 19549 | Spider:3 | Reached XP level 16. HP: 161/161 MP: 15/15
 19635 | Spider:3 | Got a twisted scale mail
 19946 | Spider:3 | Identified the +8 scale mail of Tenacity {rPois rF+ rC+} (You found it on level 3 of the Spider Nest)
 19949 | Spider:4 | Entered Level 4 of the Spider Nest
 19956 | Spider:4 | Reached skill level 15 in Fighting
 19959 | Spider:4 | Received a gift from Trog
 20365 | Spider:4 | Reached skill level 16 in Fighting
 20407 | Spider:4 | HP: 62/249 [redback (8)]
 20411 | Spider:4 | HP: 28/250 [emperor scorpion (3)]
 20413 | Spider:4 | HP: 13/250 [something (9)]
 20416 | Spider:4 | Mangled by an emperor scorpion

Skill      XL: |  1  2  3  4  5  6  7  8  9 10 11 12 13 14 15 16 |
---------------+-------------------------------------------------+-----
Axes           | 4 5 6 8 9 11 12 14 15 17 18 20 | 20.8
Armour         | 6 10 12 14 16 18 19 | 19.6
Fighting       | 8 14 16 | 16.5
Dodging        | |  2.1

Action                   |  1- 3 |  4- 6 |  7- 9 | 10-12 | 13-15 | 16-18 || total
-------------------------+-------+-------+-------+-------+-------+-------++-------
Melee: Hand axe          |    71 |    93 |    89 |       |       |       ||   253
       Headbutt          |     4 |    12 |    84 |    96 |   122 |    21 ||   339
       War axe           |       |       |   337 |    89 |       |       ||   426
       Battleaxe         |       |       |       |   380 |   549 |   108 ||  1037
Invok: Berserk           |     1 |     1 |     7 |     7 |     9 |     2 ||    27
       Trog's Hand       |       |       |     1 |       |     2 |     1 ||     4
       Burn Spellbooks   |       |       |     1 |     4 |     1 |       ||     6
       Brothers in Arms  |       |       |       |       |     1 |       ||     1
Evoke: Wand              |       |       |       |       |     6 |       ||     6
  Use: Scroll            |       |     2 |       |    28 |     6 |       ||    36
       Potion            |       |       |       |     1 |     4 |       ||     5
  Eat: Chunk             |       |     7 |    20 |    13 |     9 |     1 ||    50
       Fruit             |       |       |     2 |     3 |       |       ||     5
       Royal jelly       |       |       |     1 |       |       |       ||     1
       Beef jerky        |       |       |       |     5 |       |       ||     5
       Pizza             |       |       |       |     1 |       |       ||     1
       Bread ration      |       |       |       |     1 |     4 |       ||     5
Armor: Animal skin       |    11 |    14 |     2 |       |       |       ||    27
       Scale mail        |       |       |    73 |       |       |   146 ||   219
       Plate armour      |       |       |    62 |   379 |   483 |    29 ||   953
Dodge: Dodged            |    39 |    46 |   177 |   179 |   258 |    84 ||   783

Vault maps used:
D:1:      dpeg_arrival_leaves_temple_mockup,
          hangedman_abyss_or_decor_lesser_grid, minmay_misc_feat_square
D:2:      first_bread
D:3:      corexii_shack, led_sif_book
D:4:      uniq_grinder
D:5:      serial_bayou_pond_a
D:6:      lemuel_castle_with_subvaults, minmay_hedge_maze
D:8:      serial_shops, nicolae_shop_crystal
D:9:      lemuel_slime, kennysheep_mini_moat, gammafunk_temple_overflow_wave,
          serial_glass, glass_columns_a, glass_columns_c, due_unseen_surprise,
          minmay_strange_pillars, uniq_maurice, uniq_erolcha
D:10:     lair_0_dummy
Lair:1:   st_stairs_11, infiniplex_staircase_pool_2, uniq_gastronok
Lair:2:   nicolae_spider_entry_non_spiders
Lair:3:   swamp_mist, grunt_megastairs_2, uniq_harold
Lair:4:   minmay_lair_oklob_tunnel, beast_lair_carwin_6
Lair:5:   grunt_megastairs_3
Lair:6:   evil_forest, slime_altar_1
Swamp:1:  serial_swamp_ruin, evilmike_swamp_ruin_wall,
          evilmike_swamp_ruin_house_4, evilmike_swamp_ruin_house_3
Spider:1: nicolae_spider_mines_3
Spider:3: uniq_mara
Spider:4: grunt_spider_rune_circles, nicolae_crawler_farm

Table legend:
 A = Turns spent in this place as a percentage of turns spent in the entire game.
 B = Non-inter-level travel turns spent in this place as a percentage of non-inter-level travel turns spent in the entire game.
 C = Inter-level travel turns spent in this place as a percentage of turns spent in this place.
 D = Turns resting spent in this place as a percentage of non-inter-level travel turns spent in this place.
 E = Turns spent auto-exploring this place as a percentage of non-inter-level travel turns spent in this place.
 F = Non-inter-level travel turns spent in this place divided by the number of levels of this place that you've seen.
                   A       B       C       D       E      F
               +-------+-------+-------+-------+-------+----------------------
         Total | 100.0 | 100.0 |   0.4 |   2.8 |   8.0 | 296.9
       Dungeon |  51.2 |  51.1 |   0.5 |   2.5 |   8.3 | 318.7
          Lair |  24.8 |  24.7 |   0.5 |   3.0 |   9.5 | 257.2
         Swamp |   1.5 |   1.5 |   0.0 |   6.3 |   6.3 |  95.0
   Spider Nest |  22.6 |  22.6 |   0.1 |   2.8 |   5.8 | 352.5
               +-------+-------+-------+-------+-------+----------------------

Table legend:
 A = Kills in this place as a percentage of kills in entire the game.
 B = Kills by you in this place as a percentage of kills by you in the entire game.
 C = Kills by friends in this place as a percentage of kills by friends in the entire game.
 D = Other kills in this place as a percentage of other kills in the entire game.
 E = Experience gained in this place as a percentage of experience gained in the entire game.
 F = Experience gained in this place divided by the number of levels of this place that you have seen.
                   A       B       C       D       E      F
               +-------+-------+-------+-------+-------+----------------------
         Total | 100.0 | 100.0 | 100.0 | 100.0 | 100.0 | 6640.0
       Dungeon |  43.0 |  43.2 |   0.0 |   0.0 |   8.4 | 1175.7
          Lair |  26.0 |  26.1 |   0.0 |   0.0 |  32.5 | 7559.8
         Swamp |   0.8 |   0.8 |   0.0 |   0.0 |   1.9 | 2671.0
   Spider Nest |  30.2 |  29.9 | 100.0 | 100.0 |  57.1 | 19913.0
               +-------+-------+-------+-------+-------+----------------------
